 Dungeon Crawl Stone Soup version 0.25.1-2-g60ff931df9 (webtiles) character file.

Game seed: 343700582745613751

42 Martska the Changer (level 3, -1/31 HPs)
             Began as a Naga Transmuter on Oct 14, 2020.
             Slain by an adder (3 damage)
             ... on level 2 of the Dungeon.
             The game lasted 00:02:49 (2653 turns).

Martska the Changer (Naga Transmuter)               Turns: 2653, Time: 00:02:50

Health: -1/31      AC:  2    Str: 12    XL:     3   Next: 54%
Magic:  6/6        EV: 10    Int: 14    God:
Gold:   86         SH:  0    Dex: 11    Spells: 5/6 levels left

rFire    . . .     SeeInvis +   c - +0 club
rCold    . . .     Gourm    .   (no shield)
rNeg     . . .     Faith    .   b - +0 robe
rPois    +         Spirit   .   (no helmet)
rElec    .         Reflect  .   (no cloak)
rCorr    .         Harm     .   (no gloves)
MR       .....                  (no barding)
Stlth    +.........             (no amulet)
HPRegen  0.10/turn              (no ring)
MPRegen  0.10/turn              (no ring)

@: lethally poisoned (-1 -> -3), short of breath, very slow
A: large, see invisible, deformed body, poison resistance, slowness 2, slow
metabolism 1, spit poison 1, AC +1
a: Spit Poison


You were on level 2 of the Dungeon.
You were very hungry.

You visited 1 branch of the dungeon, and saw 2 of its levels.

You collected 86 gold pieces.

Inventory:

Hand Weapons
 c - a +0 club (weapon)
Missiles
 a - 31 arrows
Armour
 b - a +0 robe (worn)
Scrolls
 e - a scroll of identify {unknown}
 i - a scroll of fear {unknown}
Potions
 f - a potion of degeneration {unknown}
 g - a potion of invisibility {unknown}
 h - a potion of cancellation {unknown}
 j - a potion of stabbing {unknown}
Comestibles
 d - 3 rations


   Skills:
 - Level 1.0 Fighting
 - Level 1.5 Dodging
 - Level 3.0 Unarmed Combat
 - Level 2.0 Spellcasting
 * Level 3.8 Transmutations


You had 5 spell levels left.
You knew the following spells:

 Your Spells              Type           Power        Failure   Level  Hunger
a - Beastly Appendage     Tmut           ##....       4%          1    ##.....

Your spell library contained the following spells:

 Spells                   Type           Power        Failure   Level  Hunger
 Sticks to Snakes         Tmut           ##......     8%          2    ###....
 Spider Form              Tmut/Pois      #.........   32%         3    ####...
 Ice Form                 Ice/Tmut       #.......     71%         4    #####..
 Blade Hands              Tmut           ##........   80%         5    ######.


Dungeon Overview and Level Annotations

Branches:
Dungeon (2/15)

Altars:
Qazlal


Innate Abilities, Weirdness & Mutations

You cannot wear boots.
Your serpentine skin is tough. (AC +1)
You have supernaturally acute eyesight. (SInv)
Armour fits poorly on your strangely shaped body.
Your system is resistant to poisons. (rPois)
You cover ground very slowly.
You have a slow metabolism.
You can spit poison.


Message History

The adder is moderately wounded.
You feel sick. The adder closely misses you. The adder barely misses you.
You hit the adder but do no damage.
The adder is moderately wounded.
You have got your breath back.
The adder bites you.
* * * LOW HITPOINT WARNING * * *
The adder bites you.
* * * LOW HITPOINT WARNING * * *
Press: ? - help, Shift-Dir - straight line, f/p - adder
Aim: an adder (moderately wounded)
The splash of poison hits the adder.
The adder is poisoned.
The adder is severely wounded.
You are feeling very hungry.
The adder bites you.
* * * LOW HITPOINT WARNING * * *
You closely miss the adder.
The adder is severely wounded.
The adder closely misses you. The adder bites you.
You die...

#########
.########[.......
......S@.........
#########.######
#..........
####'#+#######
#..........#
###..........+
#.'..........#
#.#..........##.
#.#.............


You could see an adder (poisoned).

Vanquished Creatures
  A worm (D:2)
  2 dart slugs
  3 bats (D:1)
  2 giant cockroaches
  2 goblins (D:1)
  6 hobgoblins
  6 jackals
  A kobold (D:2)
  2 frilled lizards (D:1)
  7 rats
32 creatures vanquished.

Notes
Turn   | Place    | Note
-------+----------+-------------------------------------------
     0 | D:1      | Martska the Naga Transmuter began the quest for the Orb.
     0 | D:1      | Reached XP level 1. HP: 18/18 MP: 3/3
   367 | D:1      | Reached XP level 2. HP: 12/25 MP: 5/5
  1805 | D:2      | Found a stormy altar of Qazlal.
  1818 | D:2      | Reached XP level 3. HP: 31/31 MP: 6/6
  2595 | D:2      | Found a faded altar of an unknown god.
  2653 | D:2      | Slain by an adder

Illustrated notes

Levels and vault maps discovered:
D:1:      giann_forest_graveyard, layout_basic, hangedman_decor_riveting,
          chequers_serial_rivers_marsh
D:2:      layout_basic, grunt_qazlal_sundering, nicolae_overflow_hidden_temple,
          chequers_ecumenical_altar_grove, first_ration, uniq_terence

Skill      XL: |  1  2 |
---------------+-------+-----
Transmutations | 3 |  3.8
Fighting       | |  1.0
Dodging        | |  1.5
Unarmed Combat | |  3.0
Spellcasting   | |  2.0

Action                   || total
-------------------------++-------
Melee: Club              ||   106
       Unarmed           ||     3
       Punch             ||     1
 Abil: Spit Poison       ||    31
  Eat: Ration            ||     1
       Chunk             ||     1
Armor: Robe              ||    27
Dodge: Dodged            ||   103
